 Dungeon Crawl Stone Soup version 0.31-a0-193-gdfe2569204 (webtiles) character file.

Game seed: 8013367304286433321

14102 qw the Markself (level 11, -2/68 HPs)
             Began as a Deep Elf Hunter on June 23, 2023.
             Was a Follower of Okawaru.
             Slain by a death yak (12 damage)
             ... on level 2 of the Lair of Beasts.
             The game lasted 00:05:02 (10894 turns).

qw the Markself (Deep Elf Hunter)                  Turns: 10894, Time: 00:05:02

Health: -2/68      AC: 19    Str: 12    XL:     11   Next: 84%
Magic:  16/16      EV: 16    Int: 15    God:    Okawaru [*.....]
Gold:   344        SH:  0    Dex: 18    Spells: 10/10 levels left

rFire   + . .        Y - +0 arbalest
rCold   + . .        (shield currently unavailable)
rNeg    . . .        e - +2 scale mail {rC+}
rPois   .            b - +0 helmet
rElec   .            (no cloak)
rCorr   .            j - +2 pair of gloves
SInv    .            m - +1 pair of boots
Will    ++...        c - amulet of regeneration
Stlth   ++           f - ring of protection from fire
HPRegen 1.11/turn    (no ring)
MPRegen 0.15/turn

%: no passive effects
@: heroic
A: talons 1, iridescent scales 1, strong-willed 1
a: Renounce Religion, Heroism


You were on level 2 of the Lair of Beasts.
You worshipped Okawaru.
Okawaru was aware of your devotion.
You visited 3 branches of the dungeon, and saw 14 of its levels.

You collected 734 gold pieces.
You spent 390 gold pieces at shops.


Innate Abilities, Weirdness & Mutations

You have sharp toenails.
You are partially covered in iridescent scales. (AC +2)
You are strong-willed. (Will+)


   Skills:
 - Level 8.0(13.0) Fighting
 + Level 17.6(22.6) Ranged Weapons
 - Level 4.4(9.4) Armour
 - Level 10.0(15.0) Dodging
 - Level 1.2(6.2) Stealth
 - Level 4.0 Invocations


You had 10 spell levels left.
You didn't know any spells.
Your spell library was empty.

Inventory:

Hand Weapons
 Y - a +0 arbalest (weapon)
Armour
 b - a +0 helmet (worn)
 e - a +2 scale mail of cold resistance (worn)
 j - a +2 pair of gloves (worn)
 m - a +1 pair of boots (worn)
 t - a +0 troll leather armour
Jewellery
 c - an amulet of regeneration (around neck)
 f - a ring of protection from fire (left hand)
Scrolls
 k - 2 scrolls of identify
Potions
 d - 2 potions of haste
 g - 7 potions of curing
 h - a potion of might
 i - 3 potions of mutation
 o - 4 potions of enlightenment
 p - a potion of cancellation
 q - a potion of heal wounds

Dungeon Overview and Level Annotations

Branches:
Dungeon (11/15)            Temple (1/1) D:7            Lair (2/5) D:11
  Swamp: Lair:2-3    Shoals: Lair:2-3     Snake: Lair:2-3    Spider: Lair:2-3
    Orc: D:9-12

Altars:
Ashenzari
Cheibriados
Dithmenos
Elyvilon
Fedhas
Gozag
Hepliaklqana
Kikubaaqudgha
Makhleb
Nemelex Xobeh
Okawaru
Qazlal
Ru
Sif Muna
Trog
Uskayaw
Vehumet
Wu Jian
Xom
Yredelemnul
Zin
The Shining One

Shops:
D:8 !:?[(   D:10 *   D:11 (


Message History

You shoot a bolt.
The bolt hits the death yak but does no damage.
The death yak is severely wounded.
The death yak closely misses you.
You shoot a bolt. The bolt barely misses the death yak.
The bolt hits the plant!!
The plant begins to die.
The plant is lightly damaged.
The death yak gores you!
The death yak gores something!
The death yak gores the plant.
You shoot a bolt.
The bolt hits the death yak but does no damage.
The death yak is severely wounded.
The death yak gores you but does no damage.
The death yak completely misses something.
The death yak gores the plant!!
The death yak gores the plant!
You shoot a bolt. The bolt hits the death yak!
The death yak is severely wounded.
The death yak gores the plant.
You shoot a bolt. The bolt hits the death yak!!
The death yak is almost dead.
A nearby plant withers and dies.
The death yak gores you! x2
The death yak gores something.
An electric eel comes into view.
The death yak gores something!
The electric eel moves out of view.
You shoot a bolt. The bolt hits the death yak!
You kill the death yak!
Okawaru is honoured by your kill.
You shoot a bolt. The bolt hits the death yak!
The death yak is lightly wounded.
The death yak gores you! The death yak barely misses you.
You shoot a bolt. The bolt barely misses the death yak.
The death yak misses you. x2
You shoot a bolt. The bolt hits the death yak!!
The death yak is heavily wounded.
The death yak gores you but does no damage.
The death yak misses you.
You shoot a bolt. The bolt hits the death yak!!
The death yak is severely wounded.
The death yak gores you! The death yak gores you. The death yak gores you!
You die...

7777..........
7~7..<.....#....
~......%.%........
.......###..P.....
..##... ##..#P....
. #... #........#
##.. #........#
#.###........P
#.Y@.........#
77Y77........#


7SY 77.......# 7~~ 7........ 77. 7##..#..# ~~ 7.##. ~. .# ~~ # You could see 3
death yaks and an electric eel.

Vanquished Creatures
  A hydra (D:10)
  A centaur warrior (D:10)
  2 two-headed ogres (D:11)
  A death yak (Lair:2)
  Pikel (D:9)
  A manticore (D:11)
  A black mamba (Lair:2)
  A rime drake (D:11)
  3 komodo dragons
  4 trolls
  2 shadows
  2 wyverns (Lair:1)
  15 yaks
  Eustachio (D:4)
  A water moccasin (D:7)
  An acid dragon (D:8)
  Duvessa (D:6)
  3 orc warriors
  A sky beast (D:6)
  5 ice beasts
  A black bear (D:6)
  An ogre (D:5)
  9 wolves
  2 centaurs
  A lemure (D:9)
  A phantom (D:6)
  2 kobold brigands (D:8)
  4 bullfrogs
  2 gnoll sergeants
  3 scorpions (D:7)
  8 wights
  Dowan (D:6)
  5 killer bees (D:9)
  8 electric eels
  5 hounds
  4 jellies
  A sleepcap (D:5)
  11 orc priests
  3 iguanas
  9 orc wizards
  12 gnolls
  14 adders
  2 shadow imps
  A white imp (D:6)
  An ufetubus (D:4)
  23 orcs
  10 ball pythons
  8 endoplasms
  2 giant cockroaches
  4 goblins
  7 hobgoblins
  7 jackals
  6 kobolds
  5 quokkas
  8 bats
  A frilled lizard (D:1)
  4 rats
244 creatures vanquished.

Notes
Turn   | Place    | Note
-------+----------+-------------------------------------------
     0 | D:1      | qw the Deep Elf Hunter began the quest for the Orb.
     0 | D:1      | Reached XP level 1. HP: 12/12 MP: 3/3
     0 | D:1      | 0 ||| qw: Version: 0.3-a-9-g12657ce
     0 | D:1      | 0 ||| qw: Game counter: 4637
     0 | D:1      | 0 ||| qw: Always use a shield: true
     0 | D:1      | 0 ||| qw: God list: Okawaru
     0 | D:1      | 0 ||| qw: Allow faded altars: false
     0 | D:1      | 0 ||| qw: Do Orc after D:15 true
     0 | D:1      | 0 ||| qw: Do second Lair branch before Depths: true
     0 | D:1      | 0 ||| qw: Lair rune preference: random
     0 | D:1      | 0 ||| qw: Plans: Normal
     0 | D:1      | 0 ||| PLANNING D:1-11
   215 | D:1      | Reached XP level 2. HP: 16/16 MP: 4/4
   264 | D:1      | Reached skill level 6 in Ranged Weapons
   541 | D:1      | 541 ||| UPGRADING to +0 ring mail.
   551 | D:1      | 551 ||| DROPPING +0 leather armour.
   552 | D:1      | 552 ||| UPGRADING to ring of protection from fire.
   553 | D:1      | 553 ||| READING scroll labelled LEASYD REBB.
   554 | D:1      | 554 ||| DROPPING scroll of butterflies.
   668 | D:2      | Reached XP level 3. HP: 11/20 MP: 5/5
   831 | D:2      | Reached skill level 7 in Ranged Weapons
  1010 | D:2      | Identified the +5 trident of Eternal Vigilance {freeze, rN+
                  | Int+2}
  1326 | D:2      | 1326 ||| UPGRADING to amulet of the acrobat.
  1342 | D:2      | 1342 ||| READING scroll labelled ELABRYO BUCRE.
  1381 | D:2      | 1381 ||| DRINKING 2 sedimented dark potions.
  1402 | D:2      | 1402 ||| DROPPING potion of lignification.
  1489 | D:3      | Found a stormy altar of Qazlal.
  1601 | D:3      | Reached XP level 4. HP: 25/25 MP: 6/6
  1933 | D:3      | Reached skill level 8 in Ranged Weapons
  2233 | D:3      | 2233 ||| DROPPING scarf of shadows.
  2234 | D:3      | 2234 ||| READING scroll labelled TAERUIRPHEIS.
  2235 | D:3      | 2235 ||| DRINKING 2 grey potions.
  2339 | D:4      | HP: 4/25 [hobgoblin (3)]
  2340 | D:4      | Reached XP level 5. HP: 5/29 MP: 7/7
  2541 | D:4      | Reached skill level 9 in Ranged Weapons
  2648 | D:4      | Reached XP level 6. HP: 35/35 MP: 8/8
  3028 | D:4      | 3028 ||| UPGRADING to +0 helmet.
  3033 | D:4      | 3033 ||| READING scroll labelled PYXZUM QIEFA.
  3036 | D:4      | 3036 ||| READING scroll labelled DOSCHU EHEY.
  3037 | D:4      | 3037 ||| READING scroll labelled GEWEST EKHLEDA.
  3038 | D:4      | 3038 ||| DRINKING 2 clear potions.
  3039 | D:4      | 3039 ||| DRINKING 3 yellow potions.
  3039 | D:4      | Gained mutation: You are strong-willed. (Will+) [potion of
                  | mutation]
  3039 | D:4      | Gained mutation: You are partially covered in iridescent
                  | scales. (AC +2) [potion of mutation]
  3039 | D:4      | Gained mutation: You have sharp toenails. [potion of
                  | mutation]
  3051 | D:5      | Entered Level 5 of the Dungeon
  3051 | D:5      | Noticed Eustachio
  3054 | D:5      | 3054 ||| STAIRDANCE
  3069 | D:4      | Killed Eustachio
  3070 | D:4      | Reached skill level 10 in Ranged Weapons
  3201 | D:5      | Reached skill level 3 in Dodging
  3255 | D:5      | Found a sparkling altar of Nemelex Xobeh.
  3262 | D:5      | Found a sacrificial altar of Ru.
  3270 | D:5      | Found a snail-covered altar of Cheibriados.
  3278 | D:5      | Found a hide-covered altar of Uskayaw.
  3283 | D:5      | Found a basalt altar of Yredelemnul.
  3290 | D:5      | Found an ancient bone altar of Kikubaaqudgha.
  3298 | D:5      | Reached skill level 1 in Armour
  3298 | D:5      | Reached XP level 7. HP: 27/40 MP: 9/9
  3351 | D:5      | Found a glowing silver altar of Zin.
  3352 | D:5      | 3352 ||| SWAPPING to +0 orcbow.
  3353 | D:5      | 3353 ||| DROPPING +0 shortbow.
  3441 | D:5      | Reached skill level 11 in Ranged Weapons
  3495 | D:5      | 3495 ||| FLEEEEING.
  3496 | D:5      | 3496 ||| FLEEEEING.
  3946 | D:5      | 3946 ||| UPGRADING to +2 pair of gloves.
  3986 | D:6      | 3986 ||| STAIRDANCE
  4010 | D:6      | 4010 ||| STAIRDANCE
  4014 | D:5      | Reached skill level 12 in Ranged Weapons
  4087 | D:6      | Reached XP level 8. HP: 42/45 MP: 10/10
  4108 | D:6      | Reached skill level 3 in Fighting
  4160 | D:6      | HP: 10/46 [poisoned by an adder]
  4161 | D:6      | 4161 ||| DRINKING potion of heal wounds.
  4439 | D:6      | Noticed Duvessa
  4442 | D:6      | Noticed Dowan
  4456 | D:6      | Killed Duvessa
  4463 | D:6      | Killed Dowan
  4468 | D:6      | Reached skill level 13 in Ranged Weapons
  4999 | D:6      | 4999 ||| DROPPING +6 ring of intelligence.
  5000 | D:6      | 5000 ||| READING 3 scrolls of identify.
  5000 | D:6      | 5000 ||| IDENTIFYING fizzy brown potion
  5001 | D:6      | 5001 ||| READING 2 scrolls of identify.
  5001 | D:6      | 5001 ||| IDENTIFYING sedimented cyan potion
  5045 | D:7      | Reached skill level 14 in Ranged Weapons
  5057 | D:7      | HP: 8/46 [yak (7)]
  5202 | D:7      | Found a staircase to the Ecumenical Temple.
  5203 | D:7      | 5203 ||| PLANNING TEMPLE
  5211 | Temple   | Entered the Ecumenical Temple
  5258 | Temple   | 5258 ||| PLANNING OKAWARU WORSHIP
  5398 | Temple   | Became a worshipper of Warmaster Okawaru
  5399 | Temple   | 5399 ||| PLANNING D:1-11
  5426 | D:7      | 5426 ||| Stepping ~*~*~tactically~*~*~ (outnumbered).
  5432 | D:7      | Reached XP level 9. HP: 50/50 MP: 11/11
  5635 | D:7      | Reached skill level 15 in Ranged Weapons
  5799 | D:7      | Reached * piety under Okawaru
  5900 | D:7      | Reached skill level 1 in Invocations
  6014 | D:7      | 6014 ||| UPGRADING to +1 pair of boots.
  6019 | D:7      | 6019 ||| READING scroll labelled IZITYFO GANKOX.
  6020 | D:7      | 6020 ||| READING 2 scrolls of identify.
  6020 | D:7      | 6020 ||| IDENTIFYING fizzy orange potion
  6021 | D:7      | 6021 ||| DROPPING potion of attraction.
  6023 | D:7      | 6023 ||| Stepping ~*~*~tactically~*~*~ (cloud).
  6126 | D:8      | 6126 ||| INVOKING Heroism.
  6253 | D:8      | 6253 ||| INVOKING Heroism.
  6300 | D:8      | Found Rugiobb's Antique Armour Shop.
  6322 | D:8      | 6322 ||| SHOPLISTING +3 hat of Pondering {ponderous, Will+
                  | MP+10 Int+5} (1066 gold, have 323).
  6322 | D:8      | 6322 ||| BUYING silken robe (159 gold).
  6322 | D:8      | Bought a silken robe for 159 gold pieces
  6322 | D:8      | Identified the +1 robe of the Monkey {rPois Archmagi} (You
                  | bought it in a shop on level 8 of the Dungeon)
  6368 | D:8      | 6368 ||| INVOKING Heroism.
  6439 | D:8      | You fall into a shaft and drop 1 floor!
  6498 | D:9      | 6498 ||| UPGRADING to +1 robe of the Monkey {rPois
                  | Archmagi}.
  6508 | D:9      | 6508 ||| READING 2 scrolls of identify.
  6508 | D:9      | 6508 ||| IDENTIFYING coppery potion
  6517 | D:8      | Found Fah Ydoipt's Distillery.
  6537 | D:8      | 6537 ||| INVOKING Heroism.
  6616 | D:8      | 6616 ||| Stepping ~*~*~tactically~*~*~ (outnumbered).
  6618 | D:8      | 6618 ||| Stepping ~*~*~tactically~*~*~ (outnumbered).
  6620 | D:8      | 6620 ||| Stepping ~*~*~tactically~*~*~ (outnumbered).
  6636 | D:8      | Reached skill level 6 in Dodging
  6656 | D:8      | 6656 ||| BUYING potion of curing (39 gold).
  6656 | D:8      | Bought a potion of curing for 39 gold pieces
  6656 | D:8      | 6656 ||| BUYING potion of enlightenment (65 gold).
  6656 | D:8      | Bought a potion of enlightenment for 65 gold pieces
  6656 | D:8      | 6656 ||| BUYING potion of heal wounds (65 gold).
  6656 | D:8      | Bought a potion of heal wounds for 65 gold pieces
  6656 | D:8      | 6656 ||| SHOPLISTING potion of heal wounds (65 gold, have
                  | 6).
  6731 | D:8      | 6731 ||| INVOKING Heroism.
  6834 | D:8      | Found Raluzi Boasu's Magic Scroll Shop.
  6837 | D:8      | 6837 ||| SHOPLISTING scroll of identify (24 gold, have 18).
  6837 | D:8      | 6837 ||| SHOPLISTING scroll of teleportation (36 gold, have
                  | 18).
  6909 | D:8      | Found Wexza's Book Emporium.
  6930 | D:8      | Found Syofec's Weapon Shoppe.
  7034 | D:8      | 7034 ||| DROPPING +0 ring mail.
  7035 | D:8      | 7035 ||| UPGRADING to +0 acid dragon scales.
  7045 | D:8      | 7045 ||| DROPPING +1 robe of the Monkey {rPois Archmagi}.
  7077 | D:9      | Found a hazy altar of Hepliaklqana.
  7174 | D:9      | 7174 ||| INVOKING Heroism.
  7177 | D:9      | Reached skill level 16 in Ranged Weapons
  7184 | D:9      | 7184 ||| FLEEEEING.
  7189 | D:9      | 7189 ||| FLEEEEING.
  7190 | D:9      | 7190 ||| FLEEEEING.
  7191 | D:9      | 7191 ||| STAIRDANCE
  7283 | D:8      | 7283 ||| UPGRADING to amulet of regeneration.
  7293 | D:8      | 7293 ||| DROPPING amulet of the acrobat.
  7294 | D:8      | 7294 ||| READING 2 scrolls of identify.
  7294 | D:8      | 7294 ||| IDENTIFYING blue potion
  7295 | D:8      | 7295 ||| DROPPING potion of ambrosia.
  7299 | D:9      | 7299 ||| STAIRDANCE
  7309 | D:8      | Reached XP level 10. HP: 37/56 MP: 14/14
  7335 | D:9      | 7335 ||| STAIRDANCE
  7340 | D:8      | Reached skill level 3 in Invocations
  7349 | D:9      | 7349 ||| STAIRDANCE
  7390 | D:9      | Found a shadowy altar of Dithmenos.
  7498 | D:9      | 7498 ||| INVOKING Heroism.
  7628 | D:9      | Noticed Pikel
  7645 | D:9      | 7645 ||| INVOKING Heroism.
  7650 | D:9      | Killed Pikel
  8135 | D:10     | Entered Level 10 of the Dungeon
  8162 | D:10     | 8162 ||| INVOKING Heroism.
  8170 | D:10     | Reached skill level 3 in Armour
  8296 | D:10     | 8296 ||| INVOKING Heroism.
  8306 | D:10     | Reached skill level 9 in Dodging
  8336 | D:10     | Noticed a centaur warrior
  8342 | D:10     | 8342 ||| INVOKING Heroism.
  8344 | D:10     | Killed a centaur warrior
  8345 | D:10     | Reached skill level 6 in Fighting
  8365 | D:10     | Found Fefasad's Assorted Antiques.
  8373 | D:10     | 8373 ||| BUYING amethyst potion (29 gold).
  8373 | D:10     | Bought an amethyst potion for 29 gold pieces
  8373 | D:10     | 8373 ||| SHOPLISTING dented brass amulet (165 gold, have
                  | 138).
  8373 | D:10     | 8373 ||| SHOPLISTING potion of enlightenment (165 gold,
                  | have 138).
  8373 | D:10     | 8373 ||| BUYING scroll labelled MOGRETT HUIGO (33 gold).
  8373 | D:10     | Bought a scroll labelled MOGRETT HUIGO for 33 gold pieces
  8373 | D:10     | 8373 ||| SHOPLISTING shiny scale mail (231 gold, have 105).
  8387 | D:10     | Reached ** piety under Okawaru
  8403 | D:10     | 8403 ||| INVOKING Heroism.
  8496 | D:10     | 8496 ||| INVOKING Heroism.
  8503 | D:10     | Reached XP level 11. HP: 52/64 MP: 13/16
  8525 | D:10     | 8525 ||| INVOKING Heroism.
  8526 | D:10     | 8526 ||| UPGRADING to +2 scale mail of cold resistance.
  8531 | D:10     | 8531 ||| UPGRADING to +2 scale mail of cold resistance.
  8536 | D:10     | 8536 ||| Stepping ~*~*~tactically~*~*~ (water).
  8539 | D:10     | 8539 ||| FLEEEEING.
  8540 | D:10     | 8540 ||| FLEEEEING.
  8544 | D:10     | 8544 ||| FLEEEEING.
  8579 | D:10     | 8579 ||| DROPPING +0 acid dragon scales.
  8613 | D:10     | 8613 ||| INVOKING Heroism.
  8723 | D:10     | Noticed a four-headed hydra
  8724 | D:10     | 8724 ||| INVOKING Heroism.
  8735 | D:10     | Killed a four-headed hydra
  9024 | D:10     | 9024 ||| READING scroll labelled CUAV OMYUVAMP.
  9025 | D:10     | 9025 ||| READING scroll labelled MOGRETT HUIGO.
  9126 | D:10     | 9126 ||| DRINKING 2 amethyst potions.
  9127 | D:10     | 9127 ||| READING 2 scrolls of identify.
  9127 | D:10     | 9127 ||| IDENTIFYING orange potion
  9128 | D:10     | 9128 ||| DROPPING potion of degeneration.
  9129 | D:10     | 9129 ||| DROPPING potion of brilliance.
  9161 | D:11     | Noticed a two-headed ogre
  9162 | D:11     | 9162 ||| INVOKING Heroism.
  9173 | D:11     | Killed a two-headed ogre
  9187 | D:11     | HP: 14/66 [troll (4)]
  9188 | D:11     | 9188 ||| READING 2 scrolls of teleportation.
  9189 | D:11     | 9189 ||| DRINKING 3 potions of heal wounds.
  9190 | D:11     | 9190 ||| INVOKING Heroism.
  9298 | D:11     | Noticed a two-headed ogre
  9299 | D:11     | 9299 ||| INVOKING Heroism.
  9309 | D:11     | Killed a two-headed ogre
  9325 | D:11     | Found Qojico's Antique Weapon Shop.
  9358 | D:11     | 9358 ||| SHOPLISTING runed orcbow (201 gold, have 185).
  9527 | D:11     | 9527 ||| INVOKING Heroism.
  9692 | D:11     | 9692 ||| INVOKING Heroism.
  9712 | D:11     | 9712 ||| INVOKING Heroism.
  9817 | D:11     | Found a staircase to the Lair.
  9839 | D:11     | 9839 ||| FLEEEEING.
  9840 | D:11     | 9840 ||| FLEEEEING.
  9841 | D:11     | 9841 ||| FLEEEEING.
  9842 | D:11     | 9842 ||| FLEEEEING.
  9843 | D:11     | 9843 ||| FLEEEEING.
  9844 | D:11     | 9844 ||| FLEEEEING.
  9845 | D:11     | 9845 ||| FLEEEEING.
  9846 | D:11     | 9846 ||| FLEEEEING.
  9847 | D:11     | 9847 ||| FLEEEEING.
  9848 | D:11     | 9848 ||| FLEEEEING.
  9849 | D:11     | 9849 ||| FLEEEEING.
  9850 | D:11     | 9850 ||| FLEEEEING.
  9851 | D:11     | 9851 ||| FLEEEEING.
  9852 | D:11     | 9852 ||| FLEEEEING.
  9853 | D:11     | 9853 ||| FLEEEEING.
  9854 | D:11     | 9854 ||| FLEEEEING.
  9855 | D:11     | 9855 ||| FLEEEEING.
  9865 | D:11     | 9865 ||| INVOKING Heroism.
  9980 | D:11     | 9980 ||| SWAPPING to +0 arbalest.
  9981 | D:11     | 9981 ||| DROPPING +1 orcbow.
  9986 | D:11     | 9986 ||| PLANNING LAIR
  9986 | D:11     | 9986 ||| READING scroll labelled SEANETIDURGH.
  9987 | D:11     | 9987 ||| READING 2 scrolls labelled DAGGADW BUWY.
  9988 | D:11     | 9988 ||| READING 2 scrolls of identify.
  9988 | D:11     | 9988 ||| IDENTIFYING bubbling purple potion
  9989 | D:11     | 9989 ||| DROPPING scroll of blinking.
 10009 | Lair:1   | Entered Level 1 of the Lair of Beasts
 10010 | Lair:1   | 10010 ||| INVOKING Heroism.
 10145 | Lair:1   | 10145 ||| INVOKING Heroism.
 10155 | Lair:1   | HP: 15/68 [wolf (6)]
 10156 | Lair:1   | 10156 ||| READING scroll of teleportation.
 10157 | Lair:1   | 10157 ||| DRINKING 2 potions of heal wounds.
 10158 | Lair:1   | 10158 ||| INVOKING Heroism.
 10236 | Lair:1   | 10236 ||| INVOKING Heroism.
 10275 | Lair:1   | 10275 ||| INVOKING Heroism.
 10276 | Lair:1   | 10276 ||| Stepping ~*~*~tactically~*~*~ (water).
 10467 | Lair:1   | 10467 ||| INVOKING Heroism.
 10795 | Lair:1   | 10795 ||| READING scroll labelled SIXUG FILEBEKA.
 10819 | Lair:2   | 10819 ||| INVOKING Heroism.
 10824 | Lair:2   | Reached skill level 17 in Ranged Weapons
 10835 | Lair:2   | 10835 ||| INVOKING Heroism.
 10879 | Lair:2   | Noticed a death yak
 10879 | Lair:2   | Noticed a death yak
 10880 | Lair:2   | 10880 ||| INVOKING Heroism.
 10880 | Lair:2   | Noticed a death yak
 10881 | Lair:2   | Noticed a death yak
 10883 | Lair:2   | Noticed a death yak
 10890 | Lair:2   | Killed a death yak
 10894 | Lair:2   | HP: 16/68 [death yak (15)]
 10894 | Lair:2   | Slain by a death yak

Levels and vault maps discovered:
D:1:      reono_arrival_mine, layout_basic
D:2:      layout_loops_cross, hangedman_decor_push, minmay_liquid_box
D:3:      layout_basic, mainiacjoe_overflow_small_starburst
D:4:      layout_rooms, hex_tiny, chequers_serial_rivers_large_a
D:5:      layout_loops_ring, grunt_temple_overflow_octagram, uniq_eustachio
D:6:      layout_basic, nicolae_half_adder, uniq_duvessa
D:7:      layout_gridville, minmay_temple_entry_mini_moons, enter_bailey_2,
          lightli_orcish_oven
D:8:      nicolae_moon_pools, layout_cave_pools, serial_shops,
          nicolae_shop_rolled_up, nicolae_shop_tiny_waterfront,
          nicolae_shop_tiny_glass, nicolae_square_shop,
          nicolae_shop_just_a_little_nook, chequers_serial_rivers_micro_d
D:9:      layout_layer_cave, grunt_dithmenos_shadows, overflow_temple_1_default,
          uniq_pikel
D:10:     layout_basic, serial_shops, shop, reono_crystal_passage,
          serial_bayou_ford_a
D:11:     layout_grid_maze, hellmonk_lair_entry_icy, serial_shops,
          nicolae_stop_n_shop_1
Temple:   nicolae_temple_bog_church
Lair:1:   beast_lair_carwin_large_1, layout_regular_city, serial_bayou_lagoon_b
Lair:2:   layout_gridlike, nicolae_volcano_entry_two_sided, serial_bayou,
          serial_bayou_crossing, serial_bayou_pond_e, serial_bayou_lake_a,
          lemuel_old_faithful

Skill      XL: |  1  2  3  4  5  6  7  8  9 10 11 |
---------------+----------------------------------+-----
Ranged Weapons | 6 7 8 9 10 12 14 16 17 | 17.6
Fighting       | 2 3 4 6 8 |  8.0
Dodging        | 3 5 6 10 | 10.0
Armour         | 1 2 3 4 |  4.4
Invocations    | 2 4 |  4.0
Stealth        | |  1.2

Action                     |  1- 3 |  4- 6 |  7- 9 | 10-12 || total
---------------------------+-------+-------+-------+-------++-------
   Fire: Shortbow          |   114 |   189 |       |       ||   303
         Orcbow            |       |       |   401 |   360 ||   761
         Arbalest          |       |       |       |    90 ||    90
 Invoke: Heroism           |       |       |     6 |    26 ||    32
    Use: Scroll            |     2 |     4 |     6 |     9 ||    21
         Potion            |     1 |     3 |     1 |     3 ||     8
 Armour: Ring mail         |     9 |    51 |    81 |       ||   141
         Robe              |       |       |     9 |       ||     9
         Acid dragon scale |       |       |     8 |    35 ||    43
         Scale mail        |       |       |       |   116 ||   116
  Dodge: Dodged            |    29 |    83 |   154 |   297 ||   563

Table legend:
 A = Non-vault XP
 B = Vault XP
 C = Vault XP percentage of total XP
 D = Non-vault monster count
 E = Vault monster count
 F = Vault count percentage of total count
                 A         B        C        D         E       F
            +---------+---------+-------+---------+---------+-------
      Total |   16868 |    3278 |  16.3 |     211 |      32 |  13.2
            +---------+---------+-------+---------+---------+-------
        D:1 |      29 |       0 |   0.0 |      17 |       0 |   0.0
        D:2 |      55 |       0 |   0.0 |      21 |       0 |   0.0
        D:3 |      69 |       0 |   0.0 |      15 |       0 |   0.0
        D:4 |     324 |     188 |  36.7 |      19 |       1 |   5.0
        D:5 |     696 |       0 |   0.0 |      22 |       0 |   0.0
        D:6 |     513 |     307 |  37.4 |       9 |       9 |  50.0
        D:7 |    1727 |      15 |   0.9 |      23 |       5 |  17.9
        D:8 |    1741 |       0 |   0.0 |      25 |       0 |   0.0
        D:9 |     988 |     896 |  47.6 |      19 |       2 |   9.5
       D:10 |    4590 |       0 |   0.0 |      16 |       0 |   0.0
       D:11 |    3117 |    1094 |  26.0 |      14 |       7 |  33.3
     Lair:1 |    1330 |     778 |  36.9 |       8 |       8 |  50.0
     Lair:2 |    1689 |       0 |   0.0 |       3 |       0 |   0.0
            +---------+---------+-------+---------+---------+-------
